 Dungeon Sprint DCSS version 0.30.1-11-g7821555f0a (webtiles) character file.

Game seed: 4513742393231643990

10 Groucho the Digger (level 2, -1/12 (14) HPs)
             Began as a Spriggan Earth Elementalist on Dec 17, 2023.
             Was a Follower of Vehumet.
             Slain by a necrophage (6 damage)
             ... in the Dungeon (Sprint VII: "The Pits").
             The game lasted 00:01:46 (347 turns).

Groucho the Digger (Spriggan Earth Elementalist)     Turns: 347, Time: 00:01:47

HP:   -1/12 (14)    AC:  2    Str:  4    XL:     2   Next: 10%
MP:   2/7           EV: 17    Int: 16    God:    Vehumet [*.....]
Gold: 0             SH:  0    Dex: 15    Spells: 6/7 levels left

rFire   . . .        i - +2 trident
rCold   . . .        (shield currently unavailable)
rNeg    . . .        a - +0 robe
rPois   .            (helmet restricted)
rElec   .            (no cloak)
rCorr   .            (gloves unavailable)
SInv    +            (boots unavailable)
Will    .....        (no amulet)
Stlth   ++           (no ring)
HPRegen 0.22/turn    (no ring)
MPRegen 0.10/turn

%: no teleportation
@: heavily drained, very quick
A: very small, no large weapons, unfitting armour, see invisible, speed 3
a: Renounce Religion


You were in the Dungeon.
You worshipped Vehumet.
Vehumet was aware of your devotion.
You visited 1 branch

Inventory:

Hand Weapons
 h - a +2 dagger
 i - a +2 trident (weapon)
Armour
 a - a +0 robe (worn)
Scrolls
 g - a scroll of blinking
 k - 5 scrolls of amnesia
 l - a scroll of butterflies
Potions
 b - 5 potions of magic
 c - a potion of curing
 d - a potion of heal wounds
 e - a potion of haste
 f - 3 potions of berserk rage
 j - 2 potions of invisibility


   Skills:
 + Level 1.5 Fighting
 - Level 3.0 Dodging
 - Level 3.0 Stealth
 - Level 3.0 Spellcasting
 * Level 1.5 Conjurations
 - Level 2.0 Transmutations
 + Level 3.2 Earth Magic


You had 6 spell levels left.
You knew the following spells:

 Your Spells              Type           Power      Damage    Failure   Level
a - Sandblast             Erth           24%        2d8       4%          1

Your spell library contained the following spells:

 Spells                   Type           Power      Damage    Failure   Level
 Foxfire                  Conj/Fire      16%        2x1d4     14%         1
 Passwall                 Tmut/Erth      8%         N/A       10%         2
 Stone Arrow              Conj/Erth      20%        3d8       22%         3
 Petrify                  Tmut/Erth      10%        N/A       54%         4


Dungeon Overview and Level Annotations

Branches:
Dungeon (1/1)

Altars:
Ashenzari
Cheibriados
Dithmenos
Elyvilon
Fedhas
Gozag
Hepliaklqana
Kikubaaqudgha
Makhleb
Nemelex Xobeh
Okawaru
Qazlal
Ru
Sif Muna
Trog
Uskayaw
Vehumet
Wu Jian
Xom
Yredelemnul
Zin
The Shining One
Jiyva
Lugonu


Innate Abilities, Weirdness & Mutations

You are very small and have problems with some larger weapons.
You are too small for most types of armour.
You have supernaturally acute eyesight. (SInv)
You cover ground extremely quickly. (Speed+++)


Message History

Casting: Sandblast (safe; 4% risk of failure)
Confirm with . or Enter, or press ? or * to list all spells.
You can't see any susceptible monsters within range! (Use Z to cast anyway.)
Casting: Sandblast (safe; 4% risk of failure)
Confirm with . or Enter, or press ? or * to list all spells.
Aiming: Sandblast (safe; 4% risk of failure)
Press: ? - help, Shift-Dir - straight line, f - necrophage
Aim: a necrophage (82% to hit)
The blast of sand hits the necrophage.
The necrophage is lightly damaged.
Things that are here:
a +0 war axe; an orc skeleton
Casting: Sandblast (safe; 4% risk of failure)
Confirm with . or Enter, or press ? or * to list all spells.
Aiming: Sandblast (safe; 4% risk of failure)
Press: ? - help, Shift-Dir - straight line, f/p - necrophage
Aim: a necrophage (lightly damaged, 82% to hit)
The blast of sand hits the necrophage but does no damage.
The necrophage is lightly damaged.
Casting: Sandblast (safe; 4% risk of failure)
Confirm with . or Enter, or press ? or * to list all spells.
Aiming: Sandblast (safe; 4% risk of failure)
Press: ? - help, Shift-Dir - straight line, f/p - necrophage
Aim: a necrophage (lightly damaged, 82% to hit)
The blast of sand hits the necrophage!
The necrophage is moderately damaged.
Casting: Sandblast (safe; 4% risk of failure)
Confirm with . or Enter, or press ? or * to list all spells.
Aiming: Sandblast (safe; 4% risk of failure)
Press: ? - help, Shift-Dir - straight line, f/p - necrophage
Aim: a necrophage (moderately damaged, 82% to hit)
The blast of sand hits the necrophage!
The necrophage is severely damaged.
You open the huge gate. The necrophage barely misses you.
You close the huge gate.
The necrophage hits you!
Ouch! That really hurt!
You feel drained. The necrophage hits you.
Ouch! That really hurt!
You die...

___.# ___.#
_...###########++######
###'##................#
))'.##......#..#......#
###.##................+
.....'.)..............+
'#####......#..#n.....#
.# #..........@.....#
.# ####'#####++######
## #.......##++ .#
#.......##.. .#
#.......##.. ##
#...<...###. h.
#.......# ## ....
#.......#
######.......#


You could see a necrophage.

Vanquished Creatures
  2 orcs (D)
  An endoplasm (D)
  A giant cockroach (D)
  2 jackals (D)
  A bat (D)
7 creatures vanquished.

Notes
Turn   | Place    | Note
-------+----------+-------------------------------------------
     0 | D        | Groucho the Spriggan Earth Elementalist began the quest for
                  | the Orb.
     0 | D        | Reached XP level 1. HP: 9/9 MP: 5/5
    46 | D        | Found a bloodstained altar of Trog.
    46 | D        | Found a shimmering blue altar of Sif Muna.
    46 | D        | Found a viscous altar of Jiyva.
    46 | D        | Found a hazy altar of Hepliaklqana.
    46 | D        | Found an opulent altar of Gozag.
    47 | D        | Found a glowing golden altar of the Shining One.
    47 | D        | Found a glowing silver altar of Zin.
    47 | D        | Found a basalt altar of Yredelemnul.
    47 | D        | Found a shimmering altar of Xom.
    47 | D        | Found an ornate altar of the Wu Jian Council.
    47 | D        | Found a sacrificial altar of Ru.
    47 | D        | Found a stormy altar of Qazlal.
    47 | D        | Found an iron altar of Okawaru.
    47 | D        | Found a sparkling altar of Nemelex Xobeh.
    47 | D        | Found a burning altar of Makhleb.
    47 | D        | Found a blossoming altar of Fedhas.
    47 | D        | Found a white marble altar of Elyvilon.
    47 | D        | Found a shadowy altar of Dithmenos.
    47 | D        | Found a snail-covered altar of Cheibriados.
    49 | D        | Found a radiant altar of Vehumet.
    49 | D        | Found a corrupted altar of Lugonu.
    50 | D        | Found a hide-covered altar of Uskayaw.
    50 | D        | Found an ancient bone altar of Kikubaaqudgha.
    50 | D        | Found a broken altar of Ashenzari.
    59 | D        | Became a worshipper of Vehumet
    79 | D        | Reached skill level 1 in Fighting
    92 | D        | Reached * piety under Vehumet
    92 | D        | Offered knowledge of Magic Dart by Vehumet.
    93 | D        | Reached skill level 1 in Conjurations
   311 | D        | Noticed a necrophage
   325 | D        | Reached XP level 2. HP: 14/14 MP: 5/7
   325 | D        | Offered knowledge of Foxfire by Vehumet.
   347 | D        | Slain by a necrophage

Illustrated notes

Levels and vault maps discovered:
D:        pitsprint [storerooms_1, entrance_room_1, metal_vault_2, armoury_2,
          mini_pit_1, grid_room_1, main_hall_1, silver_pit, the_coven_2,
          the_vestibule_1, steel_vault_3, golden_pit, hallway_of_sentries,
          crystal_vault_2, iron_vault_4, final_vault]

Skill      XL: |  1 |
---------------+----+-----
Dodging        | 3 |  3.0
Spellcasting   | 3 |  3.0
Transmutations | 2 |  2.0
Fighting       | 1 |  1.5
Earth Magic    | 3 |  3.2
Conjurations   | 1 |  1.5
Stealth        | |  3.0

Action                     || total
---------------------------++-------
   Cast: Sandblast         ||    12
  Dodge: Dodged            ||     1
